AoeStats
← 150490644@

Hideout

509414193Analyzed
1v1 RM · 6d ago on Sep 26, 2026· 40m 18s· 2 players
Game mode
Random Map
Map size
Tiny (2 player)
Population
200
Speed
Normal
Resources
Standard
Victory
Conquest
Starting age
Dark Age
Ending age
Imperial Age
RankedLock teamsTeams togetherTeam positionsShared explorationLock speedFull tech treeHidden civsTurbo modeCheats
Victory
Defeat
🇮🇹 Franks · Italy
1006
+16
🇳🇱 Teutons · Netherlands
1007
-16
150490644@
11:12 Feudal Age
12:35 Double-Bit Axe
15:45 Castle Age
15:49 Wheelbarrow
15:55 Loom
17:01 Bow Saw
19:21 Hand Cart
24:58 Gold Mining
26:03 Stone Mining
29:18 Gold Shaft Mining
32:07 Imperial Age
30:35 Scale Barding Armor
31:17 Forging
31:49 Husbandry
32:54 Town Watch
34:24 Chemistry
32:54 Cavalier
34:08 Chain Barding Armor
34:25 Iron Casting
34:27 Chivalry
35:48 Plate Barding Armor
36:16 Blast Furnace
35:18 Paladin
Levicheater
10:33 Feudal Age
8:50 Loom
16:34 Castle Age
16:02 Double-Bit Axe
15:59 Horse Collar
16:13 Stone Mining
23:49 Bow Saw
23:53 Town Watch
24:10 Heavy Plow
24:03 Gold Mining
26:09 Stone Shaft Mining
27:21 Wheelbarrow
28:10 Fortified Wall
29:03 Hand Cart
33:00 Imperial Age
30:35 Town Patrol
31:35 Ballistics
31:14 Fletching
31:24 Padded Archer Armor
31:35 Forging
31:25 Scale Mail Armor
31:31 Scale Barding Armor
31:51 Fervor
31:32 Pikeman
32:13 Squires
32:10 Bodkin Arrow
33:21 Bloodlines
34:03 Iron Casting
34:03 Crenellations
35:08 Chemistry
34:48 Conscription
34:55 Conscription
34:04 Cavalier
34:21 Halberdier
38:14 Blast Furnace
39:23 Chain Mail Armor
Connection lost

Rejoining the realm…

Still unreachable

The connection could not be restored.

Session expired

The server has moved on; the page needs a fresh start.